Workbook
Name AbaDeprec: '5. Depreciação'!$A$1
Name AbaRemun: '6.Remuneração de capital'!$A$1

Sheet 1. Coleta Domiciliar
A1: Orientações para preenchimento:
A2: 1. Esta planilha é somente um modelo-base, devendo ser adaptada para cada caso concreto.
A3: Qualquer custo previsto no edital e não contemplado nesta planilha deverá ser devidamente incluído.
A4: 2. Antes de preenchê-la, leia a Orientação Técnica - Serviço de coleta de resíduos sólidos domiciliares
A5: 3. Preencher somente células em amarelo
A6: 4. As células azuis deverão ter seus valores preenchidos em outra planilha do arquivo.
A8: O TCE/RS não se responsabiliza pelo uso incorreto desta planilha.
A9: O orçamento deve ser realizado por responsável técnico habilitado e é de responsabilidade do seu autor.
A11: 1. Fretamento Intermunicipal - Secretaria da Saúde
A12: Planilha de Composição de Custos
A14: Orçamento Sintético
A15: Descrição do Item | E15: Custo (R$/mês) | F15: %
A16: =A48 -> 1. Mão-de-obra | E16: =+F99 -> 3912.7516 | F16: =IFERROR(E16/$E$33,0) -> 0.34720853
A17: =A50 -> 1.1. Monitor Escolar | E17: =F61 -> 0 | F17: =IFERROR(E17/$E$33,0) -> 0
A18: =A64 -> 1.1. Motorista | E18: =F77 -> 3646.3516 | F18: =IFERROR(E18/$E$33,0) -> 0.32356881
A19: =A79 -> 1.3. Vale Transporte | E19: =F85 -> 0 | F19: =IFERROR(E19/$E$33,0) -> 0
A20: =A87 -> 1.4. Vale-refeição (diário) | E20: =F91 -> 0 | F20: =IFERROR(E20/$E$33,0) -> 0
A21: =A93 -> 1.5. Auxílio Alimentação (mensal) | E21: =F97 -> 266.4 | F21: =IFERROR(E21/$E$33,0) -> 0.02363972
A22: =A101 -> 2. Uniformes e Equipamentos de Proteção Individual | E22: =+F125 -> 65.075 | F22: =IFERROR(E22/$E$33,0) -> 0.0057746051
A23: =A127 -> 3. Veículos e Equipamentos | E23: =+F195 -> 5302.5562 | F23: =IFERROR(E23/$E$33,0) -> 0.47053658
A24: =A129 -> 3.1. Veículo - Tipo | E24: =SUM(E25:E30) -> 5302.5562 | F24: =IFERROR(E24/$E$33,0) -> 0.47053658
A25: =A131 -> 3.1.1. Depreciação | E25: =F139 -> 600 | F25: =IFERROR(E25/$E$33,0) -> 0.053242614
A26: =A141 -> 3.1.2. Remuneração do Capital | E26: =F149 -> 476.47059 | F26: =IFERROR(E26/$E$33,0) -> 0.042280899
A27: =A151 -> 3.1.3. Impostos e Seguros | E27: =F157 -> 171.5 | F27: =IFERROR(E27/$E$33,0) -> 0.015218514
A28: =A159 -> 3.1.4. Consumos | E28: =F175 -> 2340.6656 | F28: =IFERROR(E28/$E$33,0) -> 0.20770526
A29: =A177 -> 3.1.5. Manutenção | E29: =F180 -> 998.4 | F29: =IFERROR(E29/$E$33,0) -> 0.088595709
A30: =A182 -> 3.1.6. Pneus | E30: =F189 -> 715.52 | F30: =IFERROR(E30/$E$33,0) -> 0.063493592
A31: =A199 -> 4. Monitoramento da Frota | E31: =+F208 -> 0 | F31: =IFERROR(E31/$E$33,0) -> 0
A32: =A212 -> 5. Benefícios e Despesas Indiretas - BDI | E32: =+F218 -> 1988.786 | F32: =IFERROR(E32/$E$33,0) -> 0.17648028
A33: PREÇO TOTAL MENSAL COM A COLETA | E33: =E16+E22+E23+E31+E32 -> 11269.169 | F33: =F16+F22+F23+F31+F32 -> 1
A36: Quantitativos
A37: Mão-de-obra | E37: Quantidade
A38: =+A50 -> 1.1. Monitor Escolar | E38: 0
A39: =+A64 -> 1.1. Motorista | E39: 1
A40: Total de mão-de-obra (postos de trabalho) | E40: =SUM(E38:E39) -> 1
A42: Veículos e Equipamentos | E42: Quantidade
A43: =+A129 -> 3.1. Veículo - Tipo | E43: 1
A46: Fator de utilização (FU) | B46: 0.6
A48: 1. Mão-de-obra
A50: 1.1. Monitor Escolar
A51: Discriminação | B51: Unidade | C51: Quantidade | D51: Custo unitário | E51: Subtotal | F51: Total (R$)
A52: Piso da categoria | B52: mês | C52: 1 | D52: 1612.85 | E52: =C52*D52 -> 1612.85
A53: Horas Extras (100%) | B53: hora | D53: =D52/220*2 -> 14.662273 | E53: =C53*D53 -> 0
A54: Horas Extras (50%) | B54: hora | C54: 0 | D54: =D52/220*1.5 -> 10.996705 | E54: =C54*D54 -> 0
A55: Descanso Semanal Remunerado (DSR) - hora extra | B55: R$ | D55: =63/302*(SUM(E53:E54)) -> 0 | E55: =D55 -> 0
A56: Adicional de Insalubridade | B56: % | C56: 0 | D56: =SUM(E52:E55) -> 1612.85 | E56: =C56*D56/100 -> 0
A57: Soma | E57: =SUM(E52:E56) -> 1612.85
A58: Encargos Sociais | B58: % | C58: ='2.Encargos Sociais'!$C$37*100 -> 84.047626 | D58: =E57 -> 1612.85 | E58: =D58*C58/100 -> 1355.5621
A59: Total por Coletor | E59: =E57+E58 -> 2968.4121
A60: Total do Efetivo | B60: homem | C60: =E38 -> 0 | D60: =E59 -> 2968.4121 | E60: =C60*D60 -> 0
D61: Fator de utilização | E61: =$B$46 -> 0.6 | F61: =E60*E61 -> 0
A64: 1.1. Motorista
A65: Discriminação | B65: Unidade | C65: Quantidade | D65: Custo unitário | E65: Subtotal | F65: Total (R$)
A66: Piso da categoria (2) | B66: mês | C66: 1 | D66: 3302 | E66: =C66*D66 -> 3302
A67: Salário mínimo nacional (1) | B67: mês | C67: 1 | D67: 1320
A68: Horas Extras (100%) | B68: hora | D68: =D66/220*2 -> 30.018182 | E68: =C68*D68 -> 0
A69: Horas Extras (50%) | B69: hora | C69: 0 | D69: =D66/220*1.5 -> 22.513636 | E69: =C69*D69 -> 0
A70: Descanso Semanal Remunerado (DSR) - hora extra | B70: R$ | D70: =63/302*(SUM(E68:E69)) -> 0 | E70: =D70 -> 0
A71: Base de cálculo da Insalubridade | C71: =SUM(E66:E70) -> 3302
A72: Adicional de Insalubridade | B72: % | C72: 0 | D72: =C71*(C72/100) -> 0 | E72: =D72 -> 0
A73: Soma | E73: =SUM(E66:E72) -> 3302
A74: Encargos Sociais | B74: % | C74: ='2.Encargos Sociais'!$C$37*100 -> 84.047626 | D74: =E73 -> 3302 | E74: =D74*C74/100 -> 2775.2526
A75: Total por Motorista | E75: =E73+E74 -> 6077.2526
A76: Total do Efetivo | B76: homem | C76: 1 | D76: =E75 -> 6077.2526 | E76: =C76*D76 -> 6077.2526
D77: Fator de utilização | E77: 0.6 | F77: =E76*E77 -> 3646.3516
A79: 1.3. Vale Transporte
A80: Discriminação | B80: Unidade | C80: Quantidade | D80: Custo unitário | E80: Subtotal | F80: Total (R$)
A81: Vale Transporte | B81: R$ | C81: 1
A82: Dias Trabalhados por mês | B82: dia
A83: Coletor | B83: vale | C83: =$C$82*2*(C60) -> 0 | D83: =IFERROR((($C$82*2*$D$81)-(E52*0.06*C82/26))/($C$82*2),"-") -> - | E83: =IFERROR(C83*D83,"-") -> -
A84: Motorista | B84: vale | C84: =$C$82*2*(C76) -> 0 | D84: =IFERROR((($C$82*2*$D$81)-(E66*0.06*C82/26))/($C$82*2),"-") -> - | E84: =IFERROR(C84*D84,"-") -> -
F85: =SUM(E83:E84) -> 0
A87: 1.4. Vale-refeição (diário)
A88: Discriminação | B88: Unidade | C88: Quantidade | D88: Custo unitário | E88: Subtotal | F88: Total (R$)
A89: Monitor | B89: unidade | C89: 0 | D89: 0 | E89: =C89*D89 -> 0
A90: =+A84 -> Motorista | B90: unidade | C90: 0 | D90: 0 | E90: =C90*D90 -> 0
F91: =SUM(E89:E90) -> 0
A93: 1.5. Auxílio Alimentação (mensal)
A94: Discriminação | B94: Unidade | C94: Quantidade | D94: Custo unitário | E94: Subtotal | F94: Total (R$)
A95: =+A89 -> Monitor | B95: unidade | C95: =E38 -> 0 | D95: =37*12 -> 444 | E95: =C95*D95 -> 0
A96: =+A90 -> Motorista | B96: unidade | C96: =E39 -> 1 | D96: 444 | E96: =C96*D96 -> 444
D97: Fator de utilização | E97: 0.6 | F97: =SUM(E95:E96)*E97 -> 266.4
A99: Custo Mensal com Mão-de-obra (R$/mês) | F99: =F97+F91+F85+F77+F61 -> 3912.7516
A101: 2. Uniformes e Equipamentos de Proteção Individual
A103: 2.1. Uniformes e EPIs para Monitores
A105: Discriminação | B105: Unidade | C105: Durabilidade (meses) | D105: Custo unitário | E105: Subtotal | F105: Total (R$)
A106: Calça | B106: unidade | C106: 6 | D106: 89.9 | E106: =IFERROR(D106/C106,0) -> 14.983333
A107: Camisa | B107: unidade | C107: 4 | D107: 89.9 | E107: =IFERROR(D107/C107,0) -> 22.475
A108: Sapato | B108: par | C108: 6 | D108: 120 | E108: =IFERROR(D108/C108,0) -> 20
A109: Meia de algodão com cano alto | B109: par | C109: 1 | D109: 6 | E109: =IFERROR(D109/C109,0) -> 6
A110: Higienização de uniformes e EPIs | B110: R$ mensal | C110: 1 | D110: 45 | E110: =C110*D110 -> 45
A111: Total do Efetivo | B111: homem | C111: =E38 -> 0 | D111: =+SUM(E106:E110) -> 108.45833 | E111: =C111*D111 -> 0
D112: Fator de utilização | E112: =$B$46 -> 0.6 | F112: =E111*E112 -> 0
A114: 2.1. Uniformes e EPIs para Motoristas
A116: Discriminação | B116: Unidade | C116: Durabilidade (meses) | D116: Custo unitário | E116: Subtotal | F116: Total (R$)
A117: Calça | B117: unidade | C117: 6 | D117: =+D106 -> 89.9 | E117: =IFERROR(D117/C117,0) -> 14.983333
A118: Camisa | B118: unidade | C118: 4 | D118: =+D107 -> 89.9 | E118: =IFERROR(D118/C118,0) -> 22.475
A119: Sapato | B119: par | C119: 6 | D119: =+D108 -> 120 | E119: =IFERROR(D119/C119,0) -> 20
A120: Meia de Algodao com cano alto | B120: unidade | C120: 1 | D120: 6 | E120: =IFERROR(D120/C120,0) -> 6
A121: Higienização de uniformes e EPIs | B121: R$ mensal | C121: 1 | D121: 45 | E121: =C121*D121 -> 45
...

Sheet 2.Encargos Sociais
A1: Orientações para preenchimento:
A2: 1. Preencha previamente os dados de entrada na planilha 3.CAGED
A4: O TCE/RS não se responsabiliza pelo uso incorreto desta planilha.
A5: O orçamento deve ser realizado por responsável técnico habilitado e é de responsabilidade do seu autor.
A7: 2. Composição dos Encargos Sociais
A8: Código | B8: Descrição | C8: Valor
A9: A1 | B9: INSS | C9: 0.2
A10: A2 | B10: SESI | C10: 0.015
A11: A3 | B11: SENAI | C11: 0.01
A12: A4 | B12: INCRA | C12: 0.002
A13: A5 | B13: SEBRAE | C13: 0.006
A14: A6 | B14: Salário educação | C14: 0.025
A15: A7 | B15: Seguro contra acidentes de trabalho | C15: 0.03
A16: A8 | B16: FGTS | C16: 0.08
A17: A | B17: SOMA GRUPO A | C17: =SUM(C9:C16) -> 0.368
A19: B1 | B19: Férias gozadas | C19: =ROUND(IF('3.CAGED'!C28>24,(1-12/'3.CAGED'!C28)*0.1111,0.1111-C28),4) -> 0
A20: B2 | B20: 13º salário | C20: =ROUND('3.CAGED'!C32/'3.CAGED'!C29,4) -> 0.0833
A21: B3 | B21: Licença Paternidade | C21: 0.0006
A22: B4 | B22: Faltas justificadas | C22: 0.0082
A23: B5 | B23: Auxilio acidente de trabalho | C23: 0.0031
A24: B6 | B24: Auxilio doença | C24: 0.0166
A25: B | B25: SOMA GRUPO B | C25: =SUM(C19:C24) -> 0.1118
A27: C1 | B27: Aviso prévio indenizado | C27: =ROUND(('3.CAGED'!C33) *'3.CAGED'!C26/'3.CAGED'!C29,4) -> 0.1366
A28: C2 | B28: Férias indenizadas | C28: =ROUND(IF('3.CAGED'!C28>12,12/'3.CAGED'!C28*0.1111,0.1111),4) -> 0.1111
A29: C3 | B29: Férias indenizadas s/ aviso previo inden. | C29: =C27*C28 -> 0.01517626
A30: C4 | B30: Depósito rescisão sem justa causa | C30: =ROUND(('3.CAGED'!C29+'3.CAGED'!C30+'3.CAGED'!C32)/'3.CAGED'!C27*'3.CAGED'!C34*'3.CAGED'!C35*'3.CAGED'!C26/'3.CAGED'!C29,4) -> 0.0344
A31: C5 | B31: Indenização adicional | C31: =ROUND(('3.CAGED'!C31/'3.CAGED'!C29)*'3.CAGED'!C26/12,4) -> 0.0114
A32: C | B32: SOMA GRUPO C | C32: =SUM(C27:C31) -> 0.30867626
A34: D1 | B34: Reincidência de Grupo A sobre Grupo B | C34: =ROUND(C17*C25,4) -> 0.0411
A35: D2 | B35: Reincidência de FGTS sobre aviso prévio indenizado | C35: =ROUND((C27*C16),4) -> 0.0109
A36: D | B36: SOMA GRUPO D | C36: =SUM(C34:C35) -> 0.052
B37: SOMA (A+B+C+D) | C37: =C36+C32+C25+C17 -> 0.84047626

Sheet 3.CAGED
A1: CÁLCULO DAS VERBAS INDENIZATÓRIAS DOS EMPREGADOS NO SETOR DE COLETA DE RSU
A3: Tendo em vista que o CAGED foi descontinuado em janeiro de 2020, esta planilha foi atualizada até 31/12/2019.
A5: Preencha as células em amarelo
B7: 3. CAGED
B8: Rio Grande do Sul - Transporte Escolar - CNAE 4924-8/00
B9: Admissões | C9: 808
B10: Desligamentos | C10: 765
B11: Dispensados com justa causa | C11: 5
B12: Dispensados sem justa causa | C12: 760
B13: Espontâneos | C13: 0
B14: Fim de contrato por prazo determinado | C14: 0
B15: Término de contrato | C15: 0
B16: Aposentados | C16: 0
B17: Mortos | C17: 0
B18: Transferência de saída | C18: 0
B19: Acordo | C19: 0
B20: Indicadores
B21: Estoque recuperado início do Período 01-01-2019 | C21: 657
B22: Estoque recuperado final do Período 31-12-2019 | C22: 270
B23: Variação Emprego Absoluta de 01-01-2019 a 31-12-2019 | C23: 307
B25: Estoque Médio | C25: =MEDIAN(C21,C22) -> 463.5
B26: % Demitidos s/ Justa Causa em relação ao Estoque Médio | C26: =C12/C25 -> 1.639698
B27: Taxa de Rotatividade | C27: =MEDIAN(C9,C10)/C25 -> 1.6968716
B28: Rotatividade temporal (meses) | C28: =12/C27 -> 7.0718373
B29: Dias ano | C29: 360
B30: 1/3 de férias (dias) | C30: 10
B31: Férias (dias) | C31: 30
B32: 13º Salário (dias) | C32: 30
B33: Dias de Aviso prévio | C33: =30+(3*TRUNC(1/C27)) -> 30
B34: FGTS | C34: 0.08
B35: Multa FGTS | C35: 0.4 | D35: Ajustado, de acordo com a nova Lei Federal nº 13.932/2019

Sheet 4.BDI
A1: Orientações para preenchimento:
A2: 1. Esta planilha é somente um modelo-base e deve ser ajustada conforme cada caso concreto.
A3: 2. Preencher somente células em amarelo
A5: O TCE/RS não se responsabiliza pelo uso incorreto desta planilha.
A6: O orçamento deve ser realizado por responsável técnico habilitado e é de responsabilidade do seu autor.
A8: 4. Composição do BDI - Benefícios e Despesas Indiretas
D10: Referência estudo TCE
D11: 1° Quartil | E11: Médio | F11: 3° Quartil
A12: Administração Central | B12: AC | C12: =E12 -> 0.0462 | D12: 0.0297 | E12: =(D12+F12)/2 -> 0.0462 | F12: 0.0627
A13: Seguros/Riscos/Garantias | B13: SRG | C13: =E13 -> 0.02 | D13: 0.01 | E13: =(D13+F13)/2 -> 0.02 | F13: 0.03
A14: Lucro | B14: L | C14: =E14 -> 0.1 | D14: 0.05 | E14: =(D14+F14)/2 -> 0.1 | F14: 0.15
A15: Despesas Financeiras | B15: DF | C15: =(1+E15)^(E16/252)-1 -> 0.0083538636 | D15: i | E15: 0.15
A16: Tributos - ISS | B16: T | C16: 0.05 | D16: DU | E16: 15
A17: Tributos - PIS/COFINS | C17: 0.03
A18: Fórmula para o cálculo do BDI:
A19: {[(1+AC+SRG) x (1+L) x (1+DF)] / (1-T)} -1
A20: Resultado do cálculo do BDI: | C20: =ROUND((((1+C12+C13)*(1+C14)*(1+C15))/(1-(C16+C17))-1),4) -> 0.2855 | D20: 0.2143 | E20: 0.2717 | F20: 0.3362

Sheet 5. Depreciação
A1: 5. Depreciação Referencial TCE/RS (%)
A2: Idade do veículo (ano) | B2: Depreciação Média
A3: 1 | B3: 10
A4: 2 | B4: 20
A5: 3 | B5: 30
A6: 4 | B6: 40
A7: 5 | B7: 50
A8: 6 | B8: 60
A9: 7 | B9: 70
A10: 8 | B10: 80
A11: 9 | B11: 90
A12: 10 | B12: 100
A13: 11 | B13: 100
A14: 12 | B14: 100 | C14: 0
A15: 13 | B15: 100
A16: 14 | B16: 100
A17: 15 | B17: 100
A18: 16 | B18: 100
A19: 17 | B19: 100

Sheet 6.Remuneração de capital
A1: 6. Remuneração de Capital
A3: Fórmula de cálculo da remuneração de capital:
A12: Jm = remuneração de capital mensal
A13: i = taxa de juros do mercado (sugere-se adotar a taxa SELIC)
A14: Im = investimento médio
A15: V0 = valor inicial do bem
A16: Vr = valor residual do bem
A17: n = vida útil do bem em anos
